 Dungeon Crawl Stone Soup version 0.21.1-1-g345015f (webtiles) character file.

698 tidbits the Grave Robber (level 7, 0/76 HPs)
             Began as a Gnoll Necromancer on June 13, 2018.
             Slain by a white imp (2 damage)
             ... summoned by Eustachio
             ... on level 5 of the Dungeon.
             The game lasted 00:08:23 (698 turns).

tidbits the Grave Robber (Gnoll Necromancer)         Turns: 698, Time: 00:08:24

Health: 0/76       AC:  3    Str: 16    XL:     7   Next: 65%
Magic:  4/15       EV: 15    Int: 19    God:
Gold:   49         SH:  0    Dex: 15    Spells: 9/17 levels left

rFire    + . .     SeeInvis .   f - +2 whip (freeze)
rCold    . . .     Gourm    .   (no shield)
rNeg     . . .     Faith    .   k - +0 robe
rPois    .         Spirit   .   (no helmet)
rElec    .         Reflect  .   (no cloak)
rCorr    .         Harm     .   (no gloves)
MR       .....                  F - +0 pair of boots
Stlth    ..........             (no amulet)
HPRegen  0.22/turn              h - ring of protection from fire
MPRegen  0.14/turn              (no ring)

@: berserking (expiring), drained, very quick
A: distributed training, fangs 1, strong nose
a: no special abilities


You were on level 5 of the Dungeon.
You were not hungry.

You visited 1 branch of the dungeon, and saw 5 of its levels.

You collected 49 gold pieces.

Inventory:

Hand Weapons
 a - a +0 dagger
 e - a +0 club
 f - a +2 whip of freezing (weapon)
   (You took it off Pikel on level 4 of the Dungeon)
Armour
 k - a +0 robe (worn)
 F - a +0 pair of boots (worn)
Jewellery
 h - a ring of protection from fire (left hand)
   (You found it on level 2 of the Dungeon)
Scrolls
 g - a scroll of magic mapping
 i - a scroll of enchant armour
 j - a scroll of amnesia
Books
 b - a book of Necromancy

   Spells                             Type                      Level
   a - Pain                           Necromancy                   1
   b - Animate Skeleton               Necromancy                   1
   c - Vampiric Draining              Necromancy                   3
   d - Regeneration                   Charms/Necromancy            3
   e - Animate Dead                   Necromancy                   4
   f - Borgnjor's Vile Clutch         Necromancy/Earth             5
Comestibles
 c - 6 rations


   Skills:
 + Level 2.5(2.2) Fighting
 + Level 2.5(2.2) Short Blades
 + Level 2.5(2.2) Long Blades
 + Level 2.5(2.2) Axes
 + Level 2.5(2.2) Maces & Flails
 + Level 2.5(2.2) Polearms
 + Level 2.5(2.2) Staves
 + Level 2.5(2.2) Slings
 + Level 2.5(2.2) Bows
 + Level 2.5(2.2) Crossbows
 + Level 2.5(2.2) Throwing
 + Level 2.5(2.2) Armour
 + Level 5.3(4.9) Dodging
 + Level 4.9(4.6) Stealth
 + Level 2.5(2.2) Shields
 + Level 2.5(2.2) Unarmed Combat
 + Level 5.6(5.3) Spellcasting
 + Level 2.1(1.7) Conjurations
 + Level 2.1(1.7) Hexes
 + Level 2.1(1.7) Charms
 + Level 2.1(1.7) Summonings
 + Level 7.4(7.0) Necromancy
 + Level 2.1(1.7) Translocations
 + Level 2.1(1.7) Transmutations
 + Level 2.1(1.7) Fire Magic
 + Level 2.1(1.7) Ice Magic
 + Level 2.1(1.7) Air Magic
 + Level 2.1(1.7) Earth Magic
 + Level 2.1(1.7) Poison Magic
 + Level 2.8(2.5) Invocations
 + Level 2.5(2.2) Evocations


You had 9 spell levels left.
You knew the following spells:

 Your Spells              Type           Power        Failure   Level  Hunger
a - Pain                  Necr           ####         1%          1    None
d - Vampiric Draining     Necr           ####......   1%          3    ##.....
n - Animate Skeleton      Necr           N/A          1%          1    None
r - Regeneration          Chrm/Necr      ###.......   6%          3    ##.....


Dungeon Overview and Level Annotations

Branches:
Dungeon (5/15)
 Temple: D:4-7

Altars:
Fedhas
Qazlal
Sif Muna

Annotations:
D:5 Edmund, Eustachio


Innate Abilities, Weirdness & Mutations

Your experience applies equally to all skills.
You have very sharp teeth.
Your uncanny sense of smell can sniff out nearby items.


Message History

Your Polearms skill increases to level 2!
Your Staves skill increases to level 2!
Your Slings skill increases to level 2!
Your Bows skill increases to level 2!
Your Crossbows skill increases to level 2!
Your Throwing skill increases to level 2!
Your Armour skill increases to level 2!
Your Dodging skill increases to level 5!
Your Shields skill increases to level 2!
Your Unarmed Combat skill increases to level 2!
Your Conjurations skill increases to level 2!
Your Hexes skill increases to level 2!
Your Charms skill increases to level 2!
Your Summonings skill increases to level 2!
Your Translocations skill increases to level 2!
Your Transmutations skill increases to level 2!
Your Fire Magic skill increases to level 2!
Your Ice Magic skill increases to level 2!
Your Air Magic skill increases to level 2!
Your Earth Magic skill increases to level 2!
Your Poison Magic skill increases to level 2!
Your Evocations skill increases to level 2!
You have reached level 7!
The now-empty wand crumbles to dust.
With Pikel's spell broken, the former slaves thank you for their freedom.
Unknown command.
Things that are here:
an enchanted dagger; a chain mail
Things that are here:
a whip of freezing; a robe; a bubbling silvery potion
f - a whip of freezing;
l - a bubbling silvery potion
Things that are here:
an animal skin; a human corpse You swap places.
There is a stone staircase leading down here.
As you read the scroll of identify, it crumbles to dust.
l - a potion of berserk rage You climb downwards.
Level annotation: Edmund 3 orcs and Eustachio come into view.
An orc is wielding a flail of draining.
The orc shouts! x2; Eustachio shouts!
There is a stone staircase leading up here.
Wield which item (- for none, * to show all)? (? for menu, Esc to quit)
Your +2 whip of freezing glows with a cold blue light!
f - a +2 whip of freezing (weapon)
A red film seems to cover your vision as you go berserk!
You feel yourself moving faster!
You feel mighty!
The orc shouts!
Eustachio mumbles some strange words.
The orc hits you with a club.
You feel a strong urge to attack something.
Eustachio closely misses you.
You hear a distant slurping noise.
You closely miss Eustachio. The orc hits you but does no damage. x2
Eustachio barely misses you.
You barely miss Eustachio. You closely miss Eustachio.
The orc hits you with a dagger.
The orc hits you with a flail of draining!
You feel drained. The orc hits you with a club.
* * * LOW HITPOINT WARNING * * *
Eustachio gestures wildly while chanting.
Eustachio blinks!
Unknown command.
The white imp gestures at you. The puff of frost misses you.
You hit Eustachio. You freeze Eustachio. Your bite misses Eustachio.
Eustachio is lightly wounded.
Eustachio hits you with a falchion.
* * * LOW HITPOINT WARNING * * *
You closely miss Eustachio.
Eustachio is lightly wounded.
The white imp gestures at you. The puff of frost hits you!
* * * LOW HITPOINT WARNING * * *
The orc hits you with a dagger.
* * * LOW HITPOINT WARNING * * *
The orc closely misses you.
Eustachio mumbles some strange words.
Eustachio blinks!
You whack the orc! You freeze the orc.
You kill the orc!
The white imp hits you.
* * * LOW HITPOINT WARNING * * *
The white imp freezes you.
* * * LOW HITPOINT WARNING * * *
The orc hits you with a dagger.
* * * LOW HITPOINT WARNING * * *
Unknown command.
You barely miss the orc. Your bite misses the orc. The white imp misses you.
The orc hits you with a club.
* * * LOW HITPOINT WARNING * * *
You closely miss Eustachio. You bite Eustachio.
Eustachio is lightly wounded.
The white imp hits you.
* * * LOW HITPOINT WARNING * * *
The white imp freezes you.
* * * LOW HITPOINT WARNING * * *
The orc hits you but does no damage. The white imp hits you.
* * * LOW HITPOINT WARNING * * *
The white imp freezes you.
You die...

#########
#..o....##
#.@5.....#
#5@o.....#
#..........#
##........##
#.........#
+.#+#####.#
## ## ∆


You could see Eustachio, 2 white imps and 2 orcs.

Vanquished Creatures
  Pikel (D:4)
  2 slaves (D:4)
  An ogre (D:4)
  A scorpion (D:4)
  A hound (D:4)
  A bullfrog skeleton (D:4)
  3 adders
  An adder skeleton (D:4)
  A dart slug (D:1)
  3 leopard geckos
  2 orcs
  2 bats (D:2)
  A giant cockroach (D:2)
  5 goblins
  3 hobgoblins (D:2)
  A quokka (D:2)
  3 frilled lizards
  2 kobolds (D:1)
  3 rats
37 creatures vanquished.

Notes
Turn   | Place    | Note
-------+----------+-------------------------------------------
     0 | D:1      | tidbits the Gnoll Necromancer began the quest for the Orb.
     0 | D:1      | Reached XP level 1. HP: 13/13 MP: 6/6
   126 | D:1      | Reached XP level 2. HP: 13/19 MP: 5/7
   129 | D:1      | Learned a level 1 spell: Animate Skeleton
   230 | D:2      | Reached skill level 5 in Spellcasting
   230 | D:2      | Reached XP level 3. HP: 10/25 MP: 1/9
   235 | D:2      | Learned a level 3 spell: Vampiric Draining
   239 | D:2      | Learned a level 3 spell: Regeneration
   357 | D:2      | Found a blossoming altar of Fedhas.
   359 | D:2      | Found a stormy altar of Qazlal.
   472 | D:2      | Reached skill level 1 in Invocations
   490 | D:2      | HP: 2/25 [hobgoblin/club (5)]
   539 | D:3      | You fall through a shaft for 2 floors!
   539 | D:5      | Entered Level 5 of the Dungeon
   544 | D:5      | Noticed Edmund
   610 | D:3      | Found a deep blue altar of Sif Muna.
   623 | D:4      | Noticed a scorpion
   633 | D:4      | Killed a scorpion
   633 | D:4      | Reached skill level 1 in Fighting
   633 | D:4      | Reached skill level 1 in Short Blades
   633 | D:4      | Reached skill level 1 in Long Blades
   633 | D:4      | Reached skill level 1 in Axes
   633 | D:4      | Reached skill level 1 in Maces & Flails
   633 | D:4      | Reached skill level 1 in Polearms
   633 | D:4      | Reached skill level 1 in Staves
   633 | D:4      | Reached skill level 1 in Slings
   633 | D:4      | Reached skill level 1 in Bows
   633 | D:4      | Reached skill level 1 in Crossbows
   633 | D:4      | Reached skill level 1 in Throwing
   633 | D:4      | Reached skill level 1 in Armour
   633 | D:4      | Reached skill level 1 in Shields
   633 | D:4      | Reached skill level 1 in Unarmed Combat
   633 | D:4      | Reached skill level 1 in Conjurations
   633 | D:4      | Reached skill level 1 in Hexes
   633 | D:4      | Reached skill level 1 in Charms
   633 | D:4      | Reached skill level 1 in Summonings
   633 | D:4      | Reached skill level 1 in Translocations
   633 | D:4      | Reached skill level 1 in Transmutations
   633 | D:4      | Reached skill level 1 in Fire Magic
   633 | D:4      | Reached skill level 1 in Ice Magic
   633 | D:4      | Reached skill level 1 in Air Magic
   633 | D:4      | Reached skill level 1 in Earth Magic
   633 | D:4      | Reached skill level 1 in Poison Magic
   633 | D:4      | Reached skill level 1 in Evocations
   633 | D:4      | Reached XP level 4. HP: 13/32 MP: 1/11
   663 | D:4      | Reached XP level 5. HP: 24/37 MP: 0/12
   664 | D:4      | Noticed an ogre
   668 | D:4      | Killed an ogre
   668 | D:4      | Reached skill level 2 in Invocations
   668 | D:4      | Reached XP level 6. HP: 31/44 MP: 0/13
   671 | D:4      | Noticed a slave
   671 | D:4      | Noticed a slave
   671 | D:4      | Noticed a slave
   672 | D:4      | Noticed Pikel
   672 | D:4      | Noticed a slave
   674 | D:4      | Killed a slave
   675 | D:4      | Killed a slave
   675 | D:4      | Killed Pikel
   675 | D:4      | Reached skill level 2 in Fighting
   675 | D:4      | Reached skill level 2 in Short Blades
   675 | D:4      | Reached skill level 2 in Long Blades
   675 | D:4      | Reached skill level 2 in Axes
   675 | D:4      | Reached skill level 2 in Maces & Flails
   675 | D:4      | Reached skill level 2 in Polearms
   675 | D:4      | Reached skill level 2 in Staves
   675 | D:4      | Reached skill level 2 in Slings
   675 | D:4      | Reached skill level 2 in Bows
   675 | D:4      | Reached skill level 2 in Crossbows
   675 | D:4      | Reached skill level 2 in Throwing
   675 | D:4      | Reached skill level 2 in Armour
   675 | D:4      | Reached skill level 5 in Dodging
   675 | D:4      | Reached skill level 2 in Shields
   675 | D:4      | Reached skill level 2 in Unarmed Combat
   675 | D:4      | Reached skill level 2 in Conjurations
   675 | D:4      | Reached skill level 2 in Hexes
   675 | D:4      | Reached skill level 2 in Charms
   675 | D:4      | Reached skill level 2 in Summonings
   675 | D:4      | Reached skill level 2 in Translocations
   675 | D:4      | Reached skill level 2 in Transmutations
   675 | D:4      | Reached skill level 2 in Fire Magic
   675 | D:4      | Reached skill level 2 in Ice Magic
   675 | D:4      | Reached skill level 2 in Air Magic
   675 | D:4      | Reached skill level 2 in Earth Magic
   675 | D:4      | Reached skill level 2 in Poison Magic
   675 | D:4      | Reached skill level 2 in Evocations
   675 | D:4      | Reached XP level 7. HP: 37/51 MP: 1/15
   685 | D:5      | Noticed Eustachio
   698 | D:5      | HP: 4/76 [white imp[Eustachio] (4)]
   698 | D:5      | Slain by a white imp

Skill      XL: |  1  2  3  4  5  6 |
---------------+-------------------+-----
Spellcasting   | 5 |  5.6
Invocations    | 1 2 |  2.8
Fighting       | 1 2 |  2.5
Short Blades   | 1 2 |  2.5
Long Blades    | 1 2 |  2.5
Axes           | 1 2 |  2.5
Maces & Flails | 1 2 |  2.5
Polearms       | 1 2 |  2.5
Staves         | 1 2 |  2.5
Slings         | 1 2 |  2.5
Bows           | 1 2 |  2.5
Crossbows      | 1 2 |  2.5
Throwing       | 1 2 |  2.5
Armour         | 1 2 |  2.5
Shields        | 1 2 |  2.5
Unarmed Combat | 1 2 |  2.5
Conjurations   | 1 2 |  2.1
Hexes          | 1 2 |  2.1
Charms         | 1 2 |  2.1
Summonings     | 1 2 |  2.1
Translocations | 1 2 |  2.1
Transmutations | 1 2 |  2.1
Fire Magic     | 1 2 |  2.1
Ice Magic      | 1 2 |  2.1
Air Magic      | 1 2 |  2.1
Earth Magic    | 1 2 |  2.1
Poison Magic   | 1 2 |  2.1
Evocations     | 1 2 |  2.5
Dodging        | 5 |  5.3
Stealth        | |  4.9
Necromancy     | |  7.4

Action                   |  1- 3 |  4- 6 |  7- 9 || total
-------------------------+-------+-------+-------++-------
Melee: Club              |    11 |       |       ||    11
       Dagger            |     6 |       |       ||     6
       Bite              |     2 |       |     1 ||     3
       Whip              |       |       |     8 ||     8
 Cast: Pain              |    50 |     3 |       ||    53
       Regeneration      |     1 |     1 |       ||     2
Evoke: Wand              |       |     9 |     1 ||    10
  Use: Scroll            |     3 |       |     1 ||     4
       Potion            |     1 |       |     1 ||     2
Armor: Robe              |     8 |       |     2 ||    10
Dodge: Dodged            |    26 |       |     5 ||    31

Table legend:
 A = Turns spent in this place as a percentage of turns spent in the entire game.
 B = Non-inter-level travel turns spent in this place as a percentage of non-inter-level travel turns spent in the entire game.
 C = Inter-level travel turns spent in this place as a percentage of turns spent in this place.
 D = Turns resting spent in this place as a percentage of non-inter-level travel turns spent in this place.
 E = Turns spent auto-exploring this place as a percentage of non-inter-level travel turns spent in this place.
 F = Non-inter-level travel turns spent in this place divided by the number of levels of this place that you've seen.
                   A       B       C       D       E      F
               +-------+-------+-------+-------+-------+----------------------
         Total | 100.0 | 100.0 |   0.0 |   0.0 |   0.0 | 139.6
       Dungeon | 100.0 | 100.0 |   0.0 |   0.0 |   0.0 | 139.6
               +-------+-------+-------+-------+-------+----------------------

Table legend:
 A = Kills in this place as a percentage of kills in entire the game.
 B = Kills by you in this place as a percentage of kills by you in the entire game.
 C = Kills by friends in this place as a percentage of kills by friends in the entire game.
 D = Other kills in this place as a percentage of other kills in the entire game.
 E = Experience gained in this place as a percentage of experience gained in the entire game.
 F = Experience gained in this place divided by the number of levels of this place that you have seen.
                   A       B       C       D       E      F
               +-------+-------+-------+-------+-------+----------------------
         Total | 100.0 | 100.0 |   N/A |   N/A | 100.0 | 199.6
       Dungeon | 100.0 | 100.0 |   N/A |   N/A | 100.0 | 199.6
               +-------+-------+-------+-------+-------+----------------------

Vault maps used:
D:1:      lightli_arrival_noodles
D:2:      lemuel_upstairs_altar, grunt_temple_overflow_forces_of_nature,
          first_ration
D:3:      nicolae_overflow_hidden_temple, minitemple, minmay_splitting_lines,
          minivault_4, uniq_terence
D:4:      kennysheep_goblin_castle, marbit_many_paths, due_unseen_surprise,
          uniq_pikel, uniq_duvessa
D:5:      lemuel_crystal_altar, minmay_temple_entry_enclosed_plants,
          basic_altar, uniq_eustachio, uniq_edmund
